 Dungeon Crawl Stone Soup version 0.28-a0-503-g83f2989fac (webtiles) character file.

Game seed: 7545536461037267586

4585 lunkers the Thaumaturge (level 10, -4/78 HPs)
             Began as a Djinni Cinder Acolyte on Sept 20, 2021.
             Was a High Priest of Ignis.
             Slain by a five-headed hydra (12 damage)
             ... on level 9 of the Dungeon.
             The game lasted 00:19:31 (11783 turns).

lunkers the Thaumaturge (Djinni Cinder Acolyte)    Turns: 11783, Time: 00:19:32

Health: -4/78      AC:  6    Str: 13    XL:     10   Next: 68%
Gold:   314        EV: 29    Int: 19    God:    Ignis [*****.] SH:  0 Dex:  9

rFire   + + +      SeeInvis .   g - staff of cold
rCold   + . .      Faith    .   (no shield)
rNeg    . . .      Spirit   .   y - +2 leather armour {rC+}
rPois   ∞          Reflect  .   u - +0 helmet
rElec   .          Harm     .   B - scarf {shadows}
rCorr   +          Rampage  .   (no gloves)
Will    +....                   (boots unavailable)
Stlth   +.........              E - amulet of the acrobat
HPRegen 0.23/turn               h - ring of resist corrosion
MPRegen 0.00/turn               q - +4 ring of evasion

@: acrobatic, flying
A: sickness immunity, fire resistance 2, cold vulnerability 1, float, innate
caster, hp casting, extra vitality 1
a: Renounce Religion, Sea of Fire, Foxfire Swarm, Rising Flame


You were on level 9 of the Dungeon.
You worshipped Ignis.
Ignis was extremely pleased with you.
You visited 1 branch of the dungeon, and saw 10 of its levels.

You collected 314 gold pieces.

Inventory:

Hand Weapons
 a - a -1 short sword of flaming
 I - a +1 vampiric spear
Armour
 u - a +0 helmet (worn)
 y - a +2 leather armour of cold resistance (worn)
 B - a scarf of shadows (worn)
Magical Staves
 d - a staff of poison
 g - a staff of cold (weapon)
Jewellery
 h - a ring of resist corrosion (left hand)
 q - a +4 ring of evasion (right hand)
 C - a ring of wizardry
 E - an amulet of the acrobat (around neck)
 H - a +6 ring of dexterity
Wands
 t - a wand of polymorph (17)
 w - a wand of mindburst (1)
 x - a wand of flame (24)
 z - a wand of iceblast (12)
 F - a wand of acid (11)
Scrolls
 b - a scroll of acquirement {unknown}
 c - a scroll of identify
 e - 3 scrolls of enchant weapon
 f - a scroll of vulnerability
 m - a scroll of holy word
 p - 8 scrolls of teleportation {unknown}
 v - a scroll of enchant armour {unknown}
 A - a scroll of brand weapon {unknown}
 D - a scroll of noise {unknown}
Potions
 i - a potion of magic {unknown}
 j - 2 potions of brilliance
 l - 2 potions of berserk rage
 n - a potion of mutation
 r - a potion of attraction
 s - a potion of might
 J - a potion of invisibility


   Skills:
 + Level 9.2 Fighting
 - Level 2.6 Short Blades
 * Level 9.8 Spellcasting


You had 16 spell levels left.
You knew the following spells:

 Your Spells              Type           Power      Damage    Failure   Level
a - Scorch                Fire           92%        2d9       1%          2
b - Apportation           Tloc           92%        N/A       1%          1
c - Call Imp              Summ           46%        N/A       1%          2
d - Confusing Touch       Hex            46%        N/A       1%          3
e - Dispel Undead         Necr           46%        3d18      1%          4
Your spell library was empty.

Dungeon Overview and Level Annotations

Branches:
Dungeon (10/15)            Temple (0/1) D:4            Lair (0/6) D:8
    Orc: D:9-12

Altars:
Cheibriados
Hepliaklqana
Ru
Sif Muna
Vehumet
Wu Jian
Xom
The Shining One

Shops:
D:5 *   D:9 :!![*(

Annotations:
D:7 2 transporters, RandomusNamus's ghost, novice DjFE


Innate Abilities, Weirdness & Mutations

You are immune to sickness and miasma.
You are immune to poison.
Your flesh is very heat resistant. (rF++)
You are vulnerable to cold. (rC-)
You float through the air rather than walking.
You learn spells naturally, not from books.
Your magical power is your life essence.
You have superior vitality. (+4 HP)


Message History

The five-headed hydra closely misses you.
The five-headed hydra bites you.
* * * LOW HITPOINT WARNING * * *
Unknown command.
Casting: Scorch (safe; 1% risk of failure)
Press: ? - help, Q - select action, (/) - cycle Dir - look around, f - activate Flames lash the five-headed hydra.
The five-headed hydra is burned terribly!
The five-headed hydra is moderately wounded.
* * * LOW HITPOINT WARNING * * *
The five-headed hydra bites you but does no damage.
The five-headed hydra bites you!
* * * LOW HITPOINT WARNING * * *
The five-headed hydra bites you.
* * * LOW HITPOINT WARNING * * *
The five-headed hydra barely misses you.
The five-headed hydra bites you.
* * * LOW HITPOINT WARNING * * *
As you read the scroll of fear, it crumbles to dust.
You assume a fearsome visage.
The five-headed hydra easily resists.
The five-headed hydra bites you.
* * * LOW HITPOINT WARNING * * *
The five-headed hydra bites you but does no damage.
The five-headed hydra bites you.
* * * LOW HITPOINT WARNING * * *
The five-headed hydra bites you.
* * * LOW HITPOINT WARNING * * *
The five-headed hydra misses you.
Okay, then.
There is a stone staircase leading up here.
The five-headed hydra is no longer more vulnerable to fire.
What are your orders? t - Shout!
Orders for allies: a - Attack new target. r - Retreat! s - Stop attacking. g - Guard the area. f - Follow me.
Anything else - Cancel.
Okay, then.
The five-headed hydra bites you!
You die...

#..........####.#....#
#............#...##Y..
#.......>.........#...
##.......>..........Y#
##..............>..##
#####.............#
#########..#.........#.#
#........D###.......##.#
#.......@.# #.##.#..##.##
#.........###....#..#....
#........##..............
#.......................#
#........##......<....#.#
###########......).......
##......[.......
######...............
#......#.###.#.......


You could see a five-headed hydra.

Vanquished Creatures
  Pikel (D:4)
  Grinder (D:4)
  Eustachio (D:5)
  A wyvern (D:10)
  5 yaks
  Edmund (D:5)
  An acid dragon (D:9)
  A sky beast (D:6)
  A black bear (D:7)
  5 orc warriors
  2 ogres
  A centaur (D:8)
  2 lemures (D:4)
  A gnoll sergeant (D:6)
  3 bullfrogs
  3 scorpions
  A water moccasin skeleton (D:5)
  6 killer bees (D:8)
  A howler monkey (D:5)
  A jelly (D:5)
  2 gnoll shamans
  2 hounds
  2 orc priests
  A bullfrog skeleton (D:6)
  2 iguanas
  Ijyb (D:4)
  A scorpion zombie (D:5)
  Natasha (thrice) (D:4)
  8 orc wizards
  A killer bee zombie (D:7)
  A mummy (D:4)
  22 gnolls
  3 adders
  A white imp (D:6)
  3 ufetubi
  2 worms
  5 dart slugs
  32 orcs
  An endoplasm (D:2)
  A giant cockroach (D:2)
  6 hobgoblins
  2 jackals (D:1)
  8 kobolds
  7 quokkas
  9 ball pythons
  4 bats
  A frilled lizard (D:1)
  2 goblin zombies (D:4)
  4 rats (D:1)
176 creatures vanquished.

Vanquished Creatures (others)
  77 plants
77 creatures vanquished.

Grand Total: 253 creatures vanquished

Notes
Turn   | Place    | Note
-------+----------+-------------------------------------------
     0 | D:1      | lunkers the Djinni Cinder Acolyte began the quest for the
                  | Orb.
     0 | D:1      | Reached XP level 1. HP: 20/20 MP: 0/0
   175 | D:1      | Reached XP level 2. HP: 25/25 MP: 0/0
   400 | D:1      | Found a faded altar of an unknown god.
   732 | D:1      | Reached XP level 3. HP: 16/30 MP: 0/0
   732 | D:1      | Learned a level 1 spell: Apportation
  1661 | D:2      | Found a glowing golden altar of the Shining One.
  1931 | D:2      | Reached XP level 4. HP: 19/35 MP: 0/0
  2666 | D:3      | Reached XP level 5. HP: 25/41 MP: 0/0
  2666 | D:3      | Learned a level 2 spell: Call Imp
  2927 | D:3      | Noticed a black bear
  3720 | D:3      | Found a snail-covered altar of Cheibriados.
  3844 | D:4      | Noticed Natasha
  3850 | D:4      | Noticed an ogre
  3851 | D:4      | Reached XP level 6. HP: 20/48 MP: 0/0
  4026 | D:4      | Killed an ogre
  4031 | D:4      | Killed Natasha
  4319 | D:4      | Noticed Pikel
  4323 | D:4      | Killed Pikel
  4324 | D:4      | Reached skill level 5 in Fighting
  4324 | D:4      | Reached skill level 5 in Spellcasting
  4324 | D:4      | Reached XP level 7. HP: 28/55 MP: 0/0
  4324 | D:4      | Learned a level 3 spell: Confusing Touch
  4324 | D:4      | Reached XP level 8. HP: 31/61 MP: 0/0
  4327 | D:4      | Noticed Grinder
  4337 | D:4      | Paralysed by Grinder for 2 turns
  4342 | D:4      | Killed Grinder
  4530 | D:4      | Noticed Natasha
  4532 | D:4      | Killed Natasha
  4684 | D:4      | Found a shimmering altar of Xom.
  4701 | D:4      | Noticed Natasha
  4706 | D:4      | Killed Natasha
  4912 | D:4      | Found a staircase to the Ecumenical Temple.
  5136 | D:4      | Noticed Ijyb
  5138 | D:4      | Killed Ijyb
  5423 | D:5      | Entered Level 5 of the Dungeon
  5506 | D:5      | Noticed Eustachio
  5513 | D:5      | Killed Eustachio
  5558 | D:5      | Found Qedynuff's Gadget Gallery.
  5728 | D:5      | Reached XP level 9. HP: 65/67 MP: 0/0
  5728 | D:5      | Learned a level 4 spell: Dispel Undead
  6168 | D:5      | Noticed Edmund
  6173 | D:5      | Killed Edmund
  6242 | D:5      | Found an ornate altar of the Wu Jian Council.
  8045 | D:7      | Found a transporter.
  8045 | D:7      | Noticed RandomusNamus's ghost (novice DjFE)
  8140 | D:7      | Found a transporter.
  8518 | D:8      | Found a staircase to the Lair.
  8655 | D:8      | Reached XP level 10. HP: 48/76 MP: 0/0
 10416 | D:9      | Found a sacrificial altar of Ru.
 10448 | D:9      | Found Vatzes's Antique Weapon Emporium.
 10449 | D:9      | Found Qutze's Armour Shoppe.
 10450 | D:9      | Found Qaheumi's General Store.
 10450 | D:9      | Found Irafarph's Distillery.
 10452 | D:9      | Found Jiuciewn's Book Boutique.
 10452 | D:9      | Found Mosato's Distillery.
 11602 | D:10     | Entered Level 10 of the Dungeon
 11602 | D:10     | Found a hazy altar of Hepliaklqana.
 11719 | D:10     | Noticed a five-headed hydra
 11719 | D:10     | Noticed a green ugly thing
 11719 | D:10     | Noticed a two-headed ogre
 11783 | D:9      | Slain by a five-headed hydra

Illustrated notes

Levels and vault maps discovered:
D:1:      dpeg_arrival_simpleton_a, layout_basic,
          dreamdust_ecumenical_altar_grove
D:2:      layout_loops_cross, basic_altar, corexii_shack
D:3:      layout_basic, kennysheep_slug_shrine, mainiacjoe_overflow_catwalk,
          minivault_23
D:4:      wad_woods_stonehenge, layout_loops_cross,
          minmay_temple_entry_gardened_gates, nicolae_ossuary_entry_giza,
          uniq_grinder, uniq_natasha, uniq_pikel, uniq_ijyb
D:5:      layout_basic, mainiacjoe_overflow_paths, dk_noncrumbling_2,
          nicolae_shop_gadgets, uniq_edmund, uniq_eustachio
D:6:      layout_rooms, nicolae_overflow_crystal_walls
D:7:      layout_rooms, gammafunk_ghost_mausoleum
D:8:      layout_basic, dpeg_oklobed_lair
D:9:      layout_rooms, nicolae_ru_awakened_eye, nicolae_wooded_promenade
D:10:     minmay_bloctagon, layout_rooms, zin_statuary, tso_metal_star,
          minmay_overflow_temple_star_hex, lemuel_doored_altar, orc_0_dummy

Skill      XL: |  1  2  3  4  5  6  7  8  9 10 |
---------------+-------------------------------+-----
Spellcasting   | 3 4 5 7 8 9 |  9.8
Fighting       | 4 5 6 8 9 |  9.2
Short Blades   | |  2.6

Action                   |  1- 3 |  4- 6 |  7- 9 | 10-12 || total
-------------------------+-------+-------+-------+-------++-------
Melee: Short sword       |    31 |       |       |       ||    31
       Staff             |       |     1 |     3 |     5 ||     9
 Cast: Scorch            |    40 |    65 |   170 |   100 ||   375
       Confusing Touch   |       |       |       |     1 ||     1
Evoke: Wand              |       |     8 |    16 |     1 ||    25
  Use: Scroll            |       |       |       |    14 ||    14
Armor: Robe              |    21 |     5 |     1 |       ||    27
       Leather armour    |       |       |     7 |    27 ||    34
Dodge: Dodged            |    41 |    11 |    51 |    60 ||   163

Table legend: (Time is in decaauts)
 A = Elapsed time spent in this place.
 B = Non-inter-level travel time spent in this place.
 C = Inter-level travel time spent in this place.
 D = Time resting spent in this place.
 E = Time spent auto-exploring this place.
 F = Levels seen in this place.
 G = Mean time per level.
                   A        B        C        D        E       F      G
               +--------+--------+--------+--------+--------+-----+--------+
         Total |  11792 |  11423 |    369 |   2329 |   7417 |  10 | 1179.2 |
       Dungeon |  11792 |  11423 |    369 |   2329 |   7417 |  10 | 1179.2 |
               +--------+--------+--------+--------+--------+-----+--------+

Top non-repeatable levels by time:
     D:8: 1645 daAuts
     D:5: 1562 daAuts
     D:4: 1457 daAuts
     D:3: 1395 daAuts
     D:1: 1344 daAuts
     D:9: 1336 daAuts
     D:2: 1227 daAuts
     D:6: 935 daAuts
     D:7: 729 daAuts
    D:10: 158 daAuts
